 Dungeon Crawl Stone Soup version 0.28-a0-1190-g77e1c55843 (webtiles) character file.

Game seed: 15759011065024583173

7401 SmokeWeed the Summoner (level 11, -2/57 HPs)
             Began as a Tengu Summoner on Dec 18, 2021.
             Was an Initiate of Gozag.
             Slain by a harpy simulacrum (20 damage)
             ... on level 10 of the Dungeon.
             The game lasted 01:20:48 (13595 turns).

SmokeWeed the Summoner (Tengu Summoner)            Turns: 13595, Time: 01:20:51

Health: -2/57      AC:  7    Str:  8    XL:     11   Next: 14%
Magic:  19/25      EV: 17    Int: 19    God:    Gozag
Gold:   1410       SH:  7    Dex: 16    Spells: 9/29 levels left

rFire   . . .      SeeInvis +   k - +2 short sword (drain)
rCold   . . .      Faith    .   h - +2 buckler of Okawaru's Hatred {Contam +Inv rElec rCorr}
rNeg    . . .      Spirit   .   p - +0 robe {rPois}
rPois   +          Reflect  .   C - +1 hat
rElec   +          Harm     .   (no cloak)
rCorr   +          Rampage  .   (no gloves)
Will    .....                   (boots unavailable)
Stlth   ++........              x - amulet of magic regeneration
HPRegen 0.19/turn               c - ring of see invisible
MPRegen 0.59/turn               m - +4 ring of protection

@: flying quickly and evasively, quick
A: beak, talons 3, nimble flight
a: Renounce Religion, Evoke Invisibility, Potion Petition, Call Merchant, Bribe
Branch


You were on level 10 of the Dungeon.
You worshipped Gozag.
Gozag was most pleased with you.
You visited 2 branches of the dungeon, and saw 11 of its levels.

You collected 1552 gold pieces.
You spent 70 gold pieces at shops.
You paid 72 gold pieces to Gozag.

Inventory:

Hand Weapons
 k - a +2 short sword of draining (weapon)
 r - a +1 morningstar of protection
 u - a +1 dagger of electrocution
 w - a +0 dagger of flaming
 D - the +8 demon blade "Leech" {vamp, Harm Drain rN+}
   (You found it on level 8 of the Dungeon)

   It heals its wielder for a portion of the damage dealt every time it strikes
   a living foe.
   rN:        It protects you from negative energy.
   Drain:     It drains your maximum health when unequipped.
   Harm:      It increases damage dealt and taken.
 F - a +2 vorpal flail
Missiles
 d - 7 javelins
 i - 24 poisoned darts
 t - a curare-tipped dart
 v - 7 boomerangs
Armour
 h - the +2 buckler of Okawaru's Hatred (worn) {Contam +Inv rElec rCorr}
   (You acquired it on level 6 of the Dungeon)

   rElec:     It insulates you from electricity.
   +Inv:      It lets you turn invisible.
   Contam:    It causes magical contamination when unequipped.
   rCorr:     It protects you from acid and corrosion.
 p - a +0 robe of poison resistance (worn)
 C - a +1 hat (worn)
Magical Staves
 b - a staff of fire
 e - a staff of death
Jewellery
 c - a ring of see invisible (left hand)
 m - a +4 ring of protection (right hand)
 x - an amulet of magic regeneration (around neck)
 A - a +4 ring of slaying
 E - a ring of resist corrosion
 I - an amulet of guardian spirit
Wands
 a - a wand of iceblast (4)
 n - a wand of mindburst (19)
 H - a wand of polymorph (2)
Scrolls
 s - a scroll of amnesia
 y - a scroll of blinking
 B - 2 scrolls of teleportation
 G - a scroll of fear
Potions
 f - 5 potions of lignification
 g - 3 potions of curing
 j - 2 potions of mutation
 l - a potion of magic
 o - a potion of haste {unknown}
 q - 4 potions of might
 z - a potion of ambrosia {unknown}


   Skills:
 + Level 1.7 Fighting
 + Level 2.1 Short Blades
 - Level 0.2 Staves
 * Level 5.0 Armour
 * Level 5.4 Dodging
 + Level 3.4 Stealth
 * Level 3.7 Shields
 * Level 9.5 Spellcasting
 * Level 6.3 Conjurations
 + Level 1.7 Hexes
 * Level 11.1 Summonings
 * Level 1.5 Air Magic
 + Level 1.0 Evocations


You had 9 spell levels left.
You knew the following spells:

 Your Spells              Type           Power      Damage    Failure   Level
a - Summon Small Mammal   Summ           100%       N/A       1%          1
b - Magic Dart            Conj           100%       1d8       1%          1
c - Call Imp              Summ           51%        N/A       1%          2
d - Call Canine Familiar  Summ           51%        N/A       1%          3
e - Summon Guardian Gole  Hex/Summ       33%        N/A       1%          3
f - Summon Cactus Giant   Summ           25%        N/A       13%         6
g - Summon Lightning Spi  Summ/Air       33%        N/A       6%          4

Your spell library contained the following spells:

 Spells                   Type           Power      Damage    Failure   Level
 Mephitic Cloud           Conj/Pois/Air  19%        N/A       9%          3
 Scorch                   Fire           18%        2d6       12%         2
 Flame Wave               Conj/Fire      21%        2d6       22%         4
 Gell's Gravitas          Tloc           9%         N/A       24%         3
 Lesser Beckoning         Tloc           9%         N/A       24%         3
 Teleport Other           Tloc           9%         N/A       24%         3
 Cause Fear               Hex            7%         N/A       36%         4
 Dragon Form              Tmut           4%         N/A       100%        7
 Dragon's Call            Summ           25%        N/A       100%        9


Dungeon Overview and Level Annotations

Branches:
Dungeon (10/15)            Temple (1/1) D:5            Lair (0/6) D:8
    Orc (0/2) D:9

Altars:
Ashenzari
Cheibriados
Dithmenos
Elyvilon
Fedhas
Gozag
Hepliaklqana
Kikubaaqudgha
Makhleb
Nemelex Xobeh
Okawaru
Qazlal
Ru
Sif Muna
Trog
Uskayaw
Vehumet
Wu Jian
Xom
Yredelemnul
Zin
The Shining One

Shops:
D:1 :(:!(   D:3 =   D:6 *   D:9 *


Innate Abilities, Weirdness & Mutations

You have a beak for a mouth.
You have claws for feet.
Your magical nature lets you fly swiftly and evasively.


Message History

You swap places.
You see here a potion of degeneration.
You swap places.
You see here a potion of degeneration.
There is an open door here.
Things that are here:
a +0 hand axe; a +0 leather armour You see here a +0 club.
Items here: ! )) [[.
Things that are here:
a +0 hand axe; a +0 ring mail
Items here: ))) [.
You see here a +0 dagger.
Things that are here:
a +0 hand axe; a +0 chain mail You see here a +0 scale mail.
Unknown command.
There is a stone staircase leading down here.
You fly downwards.
Your summoned ally is left behind.
There is a stone staircase leading up here.
Casting: Call Imp (safe; 1% risk of failure)
Confirm with . or Enter, or press ? or * to list all spells.
A guardian golem appears, shielding your allies.
The harpy simulacrum barely misses you. The harpy simulacrum misses you.
The harpy simulacrum completely misses you.
The harpy simulacrum barely misses you.
Casting: Summon Guardian Golem (safe; 1% risk of failure)
Confirm with . or Enter, or press ? or * to list all spells.
The harpy simulacrum barely misses you. The harpy simulacrum misses you.
The harpy simulacrum completely misses you.
The harpy simulacrum claws you. The harpy simulacrum freezes you!
Casting: Call Canine Familiar (safe; 1% risk of failure)
Confirm with . or Enter, or press ? or * to list all spells.
A beastly little devil appears in a puff of frigid air.
The harpy simulacrum barely misses you.
The harpy simulacrum closely misses you.
The harpy simulacrum claws you. The harpy simulacrum freezes you!
The harpy simulacrum claws you! The harpy simulacrum freezes you!!
You die...
Your body crumbles into a pile of gold.

#.....
##..... .
#..... .#
..... ...
##...#....
##.........
#h.5Z......
#.@9......
#.........
#.........
..........
##.........
###.##....
.# .... ##
...


You could see a harpy simulacrum (ally target), a friendly guardian golem
(summoned), a friendly wolf (summoned, sheltered) and a friendly white imp
(summoned).

Vanquished Creatures
  A hornet (D:8)
  A steam dragon (D:9)
  A water moccasin (D:6)
  A kobold brigand (D:8)
  A water moccasin zombie (D:6)
  A water moccasin skeleton (D:5)
  A centaur zombie (D:5)
  A centaur skeleton (D:5)
  2 orc priests (D:8)
  2 iguanas
  An orc wizard (D:8)
  2 adders (D:2)
  3 gnolls
  A shadow imp (D:5)
  2 worms (D:2)
  2 dart slugs
  13 orcs
  11 ball pythons
  3 bats
  5 endoplasms
  7 giant cockroaches
  4 goblins
  3 hobgoblins
  5 jackals
  7 kobolds
  2 quokkas
  6 frilled lizards (D:1)
  10 rats
99 creatures vanquished.

Vanquished Creatures (collateral kills)
  Gastronok (D:9)
  A two-headed ogre (D:7)
  Psyche (D:8)
  3 yaks (D:8)
  A wyvern (D:9)
  A warg (D:8)
  2 water moccasins
  A swamp drake (D:9)
  5 orc warriors
  A black bear (D:6)
  An ogre (D:6)
  A necrophage (D:5)
  A centaur (D:8)
  A wyvern zombie (D:6)
  2 bullfrogs (D:7)
  A gnoll sergeant (D:5)
  A wyvern skeleton (D:6)
  7 wights (D:9)
  A howler monkey (D:4)
  2 centaur zombies
  A bullfrog zombie (D:5)
  A jelly (D:8)
  A gnoll shaman (D:8)
  4 hounds
  5 orc priests
  A centaur skeleton (D:6)
  2 iguanas
  11 orc wizards
  Terence (D:3)
  A hound zombie (D:5)
  9 gnolls
  6 adders
  A shadow imp (D:7)
  An adder skeleton (D:4)
  2 worms
  33 orcs
  4 ball pythons
  A bat (D:3)
  2 endoplasms
  A goblin (D:1)
  3 hobgoblins
  2 jackals
  A quokka (D:4)
  2 frilled lizards (D:3)
  11 kobolds
  4 rats
146 creatures vanquished.

Vanquished Creatures (others)
  A wyvern (D:9)
  A yak (D:8)
  A basilisk (D:8)
  A warg (D:8)
  A water moccasin (D:6)
  3 orc warriors
  A centaur (D:8)
  An ogre (D:6)
  A wight (D:9)
  An iguana (D:6)
  A white imp (D:6)
  2 orcs
  13 plants (D:1)
28 creatures vanquished.

Grand Total: 273 creatures vanquished

Notes
Turn   | Place    | Note
-------+----------+-------------------------------------------
     0 | D:1      | SmokeWeed the Tengu Summoner began the quest for the Orb.
     0 | D:1      | Reached XP level 1. HP: 10/10 MP: 4/4
    53 | D:1      | Found Pipiv's Antique Weapon Shop.
    63 | D:1      | Learned a level 1 spell: Magic Dart
   111 | D:1      | Reached skill level 5 in Summonings
   307 | D:1      | Reached XP level 2. HP: 15/15 MP: 6/6
   325 | D:1      | Found Wyrur's Distillery.
   385 | D:1      | Found Rudwipt's Antique Weapon Boutique.
   460 | D:1      | Found Tutytan's Book Boutique.
   564 | D:1      | Reached skill level 1 in Conjurations
   706 | D:1      | Reached XP level 3. HP: 15/19 MP: 7/7
   972 | D:1      | Found Wykkex's Book Shoppe.
  1005 | D:1      | Found a faded altar of an unknown god.
  1602 | D:2      | Reached skill level 1 in Armour
  1804 | D:2      | Reached XP level 4. HP: 13/24 MP: 1/8
  2664 | D:2      | Learned a level 2 spell: Call Imp
  2668 | D:2      | Learned a level 3 spell: Call Canine Familiar
  2852 | D:3      | Noticed Terence
  2888 | D:2      | Gained mutation: Your magical nature lets you fly swiftly
                  | and evasively. [Tengu growth]
  2888 | D:2      | Reached XP level 5. HP: 11/27 MP: 6/10
  3134 | D:3      | Found Moud's Jewellery Boutique.
  3684 | D:3      | Killed Terence
  4227 | D:3      | Reached XP level 6. HP: 27/32 MP: 6/12
  4982 | D:4      | Reached skill level 1 in Fighting
  5205 | D:4      | Reached skill level 6 in Summonings
  5722 | D:5      | Entered Level 5 of the Dungeon
  5862 | D:5      | Reached XP level 7. HP: 30/38 MP: 8/14
  6140 | D:5      | Found a staircase to the Ecumenical Temple.
  6164 | Temple   | Entered the Ecumenical Temple
  6577 | Temple   | Became a worshipper of Gozag Ym Sagoz the Greedy
  6823 | D:5      | Reached skill level 1 in Short Blades
  7445 | D:6      | Reached XP level 8. HP: 43/43 MP: 9/16
  7454 | D:6      | Reached skill level 5 in Spellcasting
  7466 | D:6      | Reached skill level 7 in Summonings
  7580 | D:6      | Identified a scroll of acquirement
  7580 | D:6      | Acquired the +2 buckler of Okawaru's Hatred {Contam +Inv
                  | rElec rCorr}
  7655 | D:6      | Found Walem's Serpentskin Sales.
  8031 | D:7      | Noticed a two-headed ogre
  8140 | D:6      | Learned a level 3 spell: Summon Guardian Golem
  8950 | D:6      | Bought a +0 robe of poison resistance for 70 gold pieces
  8985 | D:6      | Reached skill level 1 in Shields
  8985 | D:6      | Reached skill level 8 in Summonings
  9160 | D:6      | Reached XP level 9. HP: 48/48 MP: 19/19
  9587 | D:6      | Found a basalt altar of Yredelemnul.
  9619 | D:6      | Found a shimmering altar of Xom.
  9991 | D:7      | Found an ornate altar of the Wu Jian Council.
 10044 | D:7      | Killed a two-headed ogre
 10045 | D:7      | Reached skill level 5 in Conjurations
 10045 | D:7      | Reached skill level 1 in Hexes
 10052 | D:7      | Learned a level 6 spell: Summon Cactus Giant
 10555 | D:7      | Found a sacrificial altar of Ru.
 10588 | D:8      | Noticed a hornet
 10876 | D:8      | Reached skill level 9 in Summonings
 10908 | D:8      | Noticed Psyche
 10921 | D:8      | Killed Psyche
 10987 | D:8      | Found a staircase to the Lair.
 11008 | D:8      | Reached XP level 10. HP: 20/53 MP: 22/22
 11057 | D:8      | Reached skill level 5 in Dodging
 11408 | D:8      | Reached skill level 1 in Evocations
 11525 | D:8      | Reached skill level 10 in Summonings
 11585 | D:8      | Found the +8 demon blade "Leech" {vamp, Harm Drain rN+}
 11891 | D:8      | Learned a level 4 spell: Summon Lightning Spire
 12318 | D:9      | Noticed Gastronok
 12359 | D:9      | Killed Gastronok
 12360 | D:9      | Reached skill level 1 in Air Magic
 12664 | D:9      | Reached XP level 11. HP: 57/57 MP: 25/25
 13073 | D:9      | Reached skill level 11 in Summonings
 13162 | D:9      | Found Coaphugy's Neck Hole.
 13245 | D:9      | Reached skill level 5 in Armour
 13516 | D:9      | Found a staircase to the Orcish Mines.
 13592 | D:10     | Entered Level 10 of the Dungeon
 13595 | D:10     | Slain by a harpy simulacrum

Illustrated notes

Levels and vault maps discovered:
D:1:      erik_arrival_blinker_ship, layout_loops_cross, serial_shops, shop,
          nicolae_shop_hallway_stairs, shop, shop, shop,
          dilly_ecumenical_altar_fadedgnrine, minmay_fountain_box, st_stairs_9,
          lexackson_kobold_supper
D:2:      layout_basic, minmay_misc_feat_alley, minmay_misc_feat_chi
D:3:      layout_loops_ring, serial_shops,
          nicolae_shop_temple_entry_statues_fountains,
          kennysheep_generic_room_7, uniq_terence
D:4:      layout_basic
D:5:      layout_gridville, minmay_temple_entry_glassed_door,
          minmay_chambers_of_fives
D:6:      layout_basic, mainiacjoe_overflow_catch_the_wave,
          cheibrodos_sewer_entry_drain, guppyfry_shop_venom
D:7:      layout_cave_pools, nicolae_ru_path_of_blood, nzn_wu_jian_contemplation
D:8:      layout_cave_pools, erik_lair_orcish_takeover, uniq_psyche
D:9:      layout_irregular_city, erik_orc_1, nicolae_shop_sticking_my_neck_out,
          uniq_gastronok
D:10:     layout_cave_pools, serial_shops,
          nicolae_shop_temple_entry_statues_fountains, uniq_erica, uniq_harold
Temple:   dpeg_five_rooms_temple

Skill      XL: |  1  2  3  4  5  6  7  8  9 10 11 |
---------------+----------------------------------+-----
Summonings     | 5 6 8 9 10 11 | 11.1
Conjurations   | 1 2 3 4 5 6 |  6.3
Armour         | 1 2 3 4 5 |  5.0
Spellcasting   | 3 4 6 7 9 |  9.5
Dodging        | 3 4 5 |  5.4
Fighting       | 1 |  1.7
Short Blades   | 1 2 |  2.1
Stealth        | 3 |  3.4
Shields        | 1 2 3 |  3.7
Hexes          | 1 |  1.7
Evocations     | 1 |  1.0
Air Magic      | 1 |  1.5
Staves         | |  0.2

Action                   |  1- 3 |  4- 6 |  7- 9 | 10-12 || total
-------------------------+-------+-------+-------+-------++-------
Melee: Staff             |    27 |       |       |       ||    27
       Kick              |    13 |    15 |    17 |     1 ||    46
       Peck              |     6 |     8 |    12 |       ||    26
       Dagger            |    29 |    20 |       |       ||    49
       Short sword       |       |    63 |    60 |     7 ||   130
Throw: Javelin           |       |       |     3 |     2 ||     5
       Dart              |       |       |     5 |       ||     5
 Cast: Summon Small Mamm |    20 |    20 |       |       ||    40
       Magic Dart        |    18 |    15 |    13 |    39 ||    85
       Call Imp          |       |    19 |    32 |    18 ||    69
       Call Canine Famil |       |    18 |    46 |    26 ||    90
       Summon Guardian G |       |       |    18 |    25 ||    43
       Summon Lightning  |       |       |       |     2 ||     2
 Abil: Evoke Invisibilit |       |       |       |     1 ||     1
Evoke: Wand              |       |     6 |     3 |     9 ||    18
  Use: Scroll            |     3 |       |    11 |     2 ||    16
       Potion            |       |       |     2 |       ||     2
 Stab: Sleeping          |     6 |     8 |     2 |       ||    16
       Distracted        |       |       |     1 |       ||     1
       Invisible         |       |       |       |     1 ||     1
Armor: Robe              |    12 |    17 |    10 |     5 ||    44
Dodge: Dodged            |    51 |   109 |    60 |    29 ||   249
Block: Buckler           |       |       |    13 |     7 ||    20

Table legend: (Time is in decaauts)
 A = Elapsed time spent in this place.
 B = Non-inter-level travel time spent in this place.
 C = Inter-level travel time spent in this place.
 D = Time resting spent in this place.
 E = Time spent auto-exploring this place.
 F = Levels seen in this place.
 G = Mean time per level.
                   A        B        C        D        E       F      G
               +--------+--------+--------+--------+--------+-----+--------+
         Total |  13090 |  12749 |    341 |   2149 |   7118 |  11 | 1190.0 |
       Dungeon |  12687 |  12560 |    127 |   2149 |   7011 |  10 | 1268.7 |
        Temple |    402 |    188 |    214 |      0 |    106 |   1 |  402.0 |
               +--------+--------+--------+--------+--------+-----+--------+

Top non-repeatable levels by time:
     D:2: 2488 daAuts
     D:6: 1660 daAuts
     D:9: 1601 daAuts
     D:5: 1494 daAuts
     D:7: 1217 daAuts
     D:3: 1197 daAuts
     D:1: 1188 daAuts
     D:8: 1005 daAuts
     D:4: 830 daAuts
  Temple: 402 daAuts
    D:10: 2 daAuts
